Map: Dynasty LE

Players

Darius

  • Race: Protoss Protoss
  • League: Gold
  • Spawn Location: 7:00

WeAreLegion - Winner!

  • Race: Terran Terran
  • League: Gold
  • Spawn Location: 1:00

VOD

Have the link to the VOD?

Description

Time

  • Played on: Dec. 16, 2024, 9:49 p.m.
  • Length: 16:28
Show
View Real Time Build Order
Export as new Build Order

Darius Protoss 

Build Orders:  

Get SALT Encoding   

  12  0:04  Probe  
  13  0:16  Probe  
  13  0:20  Pylon  
  14  0:28  Probe  
  15  0:36  Probe  
  15  0:39  Gateway  
  16  0:45  Probe  
  17  0:54  Assimilator  
  17  0:57  Assimilator  
  17  0:59  Probe  
  18  1:07  Probe  
  19  1:15  Forge, Probe  
  19  1:24  Pylon  
  20  1:26  Probe  
  21  1:39  Cybernetics Core  
  21  1:48  Probe  
  21  1:53  Photon Cannon  
  22  2:00  Probe  
  23  2:12  Probe  
  23  2:14  Stalker  
  24  2:18  Warp Gate  
  24  2:22  Robotics Facility  
  25  2:39  Gateway  
  24  2:55  Stalker  
  26  3:07  Pylon  
  26  3:11  Gateway  
  26  3:28  Nexus  
  26  3:34  Sentry  
  26  3:41  Probe  
  28  3:42  Twilight Council  
  29  3:49  Probe  
  30  3:58  Probe  
  31  4:07  Pylon  
  31  4:09  Blink  
  31  4:11  Probe  
  32  4:22  Protoss Ground Weapons Level 1  
  32  4:26  Probe  
  33  4:34  Photon Cannon  
  33  4:37  Shield Battery, Probe  
  34  4:50  Probe  
  34  4:53  Assimilator  
  34  4:56  Assimilator  
  35  5:03  Sentry, Probe  
  38  5:15  Immortal  
  38  5:17  Probe  
  43  5:21  Probe  
  43  5:25  Probe  
  44  5:33  Probe x2  
  46  5:37  Stalker  
  46  5:42  Stalker  
  51  5:43  Stalker  
  51  5:44  Probe  
  51  5:45  Probe  
  55  5:55  Pylon  
  55  5:57  Protoss Ground Weapons Level 2  
  55  6:02  Photon Cannon  
  55  6:05  Pylon  
  55  6:11  Probe x2  
  57  6:15  Photon Cannon  
  57  6:23  Probe x2  
  57  6:24  Photon Cannon  
  59  6:31  Warp Prism  
  61  6:53  Probe  
  62  7:05  Probe  
  62  7:06  Nexus, Pylon  
  63  7:28  Stalker x3  
  69  7:33  Gateway  
  69  7:35  Gateway  
  69  7:37  Pylon  
  69  7:46  Immortal  
  69  7:49  Protoss Ground Weapons Level 3  
  73  7:55  Robotics Bay  
  73  8:03  Assimilator  
  73  8:07  Pylon  
  73  8:08  Stalker x2  
  73  8:10  Stalker  
  79  8:31  Stalker  
  79  8:32  Stalker x3  
  79  8:33  Stalker  
  65  8:59  Stalker x5  
  55  9:16  Colossus  
  53  9:22  Extended Thermal Lance  
  53  9:27  Probe  
  54  9:32  Pylon  
  54  9:35  Probe  
  54  9:45  Probe  
  55  9:46  Photon Cannon  
  55  9:48  Stalker x3  
  62  9:54  Stalker x2  
  62  9:57  Probe  
  67  10:03  Robotics Facility  
  67  10:04  Robotics Facility  
  67  10:21  Stalker x4  
  75  10:40  Stalker  
  59  10:54  Stalker x3  
  59  10:55  Stalker  
  65  11:01  Immortal x2  
  61  11:15  Immortal  
  61  11:18  Protoss Ground Armor Level 1  
  65  11:25  Stalker x3  
  67  11:26  Stalker x2  
  75  11:33  Probe  
  75  11:37  Disruptor x2  
  76  11:47  Nexus  
  76  11:49  Pylon  
  76  11:51  Pylon  
  84  11:57  Dark Shrine  
  84  12:00  Templar Archives  
  78  12:15  Stalker  
  78  12:16  Stalker x2  
  78  12:17  Stalker  
  74  12:48  Sentry  
  68  13:07  Colossus x3  
  68  13:08  Protoss Ground Armor Level 2  
  86  13:19  Assimilator  
  86  13:21  Assimilator  
  86  13:42  Dark Templar x3  
  86  13:47  Dark Templar  
  94  13:50  Probe  
  95  13:58  Probe  
  95  14:00  Dark Templar  
  98  14:08  Probe  
  99  14:21  Stalker  
  99  14:22  Stalker x2  
  99  14:23  Stalker  
  107  14:33  Observer  
  108  14:40  Colossus  
  114  14:47  Observer  
  49  15:46  Stalker x2  
  31  16:05  Dark Templar  
Show
View Real Time Build Order
Export as new Build Order

WeAreLegion Terran - Winner!

Build Orders: Reaper Expand 

Get SALT Encoding   

  12  0:00  SCV  
  13  0:13  SCV  
  14  0:17  Supply Depot  
  14  0:25  SCV  
  15  0:38  SCV  
  15  0:41  Barracks  
  16  0:48  Refinery  
  16  0:50  SCV  
  17  1:02  SCV  
  18  1:14  SCV  
  19  1:27  Orbital Command  
  19  1:32  Reaper  
  20  1:42  Command Center  
  20  1:53  SCV  
  21  2:04  Marine  
  23  2:08  SCV  
  23  2:16  Supply Depot  
  23  2:21  Factory  
  23  2:37  SCV, Barracks Reactor  
  24  2:49  SCV  
  25  2:57  Orbital Command  
  24  3:01  SCV  
  24  3:03  Refinery  
  25  3:09  Starport  
  25  3:13  Factory Tech Lab  
  25  3:14  Marine x2  
  25  3:16  SCV  
  28  3:24  SCV  
  29  3:28  SCV  
  29  3:32  Marine x2  
  32  3:36  SCV  
  32  3:40  SCV, Cyclone  
  37  3:47  Starport Reactor  
  37  3:53  Barracks x2  
  37  3:58  SCV x2  
  37  4:01  Marine x2  
  41  4:10  SCV  
  41  4:11  SCV, Engineering Bay  
  43  4:19  Marine  
  44  4:27  Medivac  
  46  4:35  Supply Depot  
  46  4:36  Supply Depot  
  46  4:42  Engineering Bay  
  46  4:47  Barracks Reactor  
  46  4:54  Factory Tech Lab  
  46  4:56  SCV x2, Marine x2, Medivac  
  52  5:02  Supply Depot  
  52  5:09  SCV x2  
  52  5:13  Supply Depot  
  54  5:14  Siege Tank  
  54  5:21  SCV x2  
  59  5:23  Stimpack  
  59  5:29  Refinery  
  59  5:32  Supply Depot, Refinery  
  59  5:33  SCV x2  
  61  5:38  Terran Infantry Weapons Level 1  
  61  5:39  Marine x2  
  61  5:40  Marine x3  
  66  5:45  SCV x2  
  68  5:51  Supply Depot  
  68  5:56  Supply Depot  
  68  5:58  SCV x2, Marine x3  
  68  5:59  Marauder  
  68  6:03  Command Center  
  75  6:06  Marine  
  75  6:10  SCV x2  
  81  6:12  Cyclone  
  81  6:16  Marine  
  81  6:18  Supply Depot, Viking  
  84  6:30  SCV x2  
  84  6:32  Marine x3  
  86  6:33  Marine  
  86  6:34  Marine  
  91  6:42  SCV  
  91  6:44  Cyclone, Barracks  
  91  6:45  Terran Infantry Armor Level 1  
  95  6:48  Barracks  
  95  6:49  SCV  
  95  6:51  Marine x3, Marauder  
  101  6:54  SCV  
  101  6:59  Armory  
  102  7:01  SCV  
  102  7:02  Combat Shield  
  102  7:03  Ghost Academy  
  102  7:06  SCV  
  102  7:07  Marine  
  105  7:09  Marine x2  
  105  7:12  Marauder  
  105  7:13  SCV  
  101  7:18  SCV  
  92  7:34  Marauder  
  94  7:57  SCV x2  
  96  8:03  Marine x4  
  96  8:04  Marauder  
  103  8:05  Barracks Tech Lab  
  103  8:09  SCV x2  
  103  8:10  Barracks Tech Lab  
  104  8:16  Terran Infantry Weapons Level 2  
  104  8:21  Concussive Shells, Marine x4  
  104  8:22  Siege Tank  
  104  8:26  Marauder  
  113  8:31  Terran Ship Weapons Level 1  
  113  8:38  Marine  
  113  8:47  Marauder  
  85  9:08  Marauder  
  78  9:15  Marine  
  78  9:16  Marine x5  
  83  9:17  Siege Tank  
  86  9:30  Marauder  
  88  9:32  Planetary Fortress  
  88  9:33  SCV x2, Marine x3  
  88  9:34  Marauder x2  
  88  9:38  Marine  
  98  9:49  Siege Tank  
  98  9:51  Marine x3, Marauder  
  106  9:53  Terran Infantry Armor Level 2  
  106  9:56  Marine, Marauder x2  
  111  10:05  Barracks x2  
  111  10:09  Marine x3  
  111  10:12  SCV x3, Marauder  
  111  10:14  Marine  
  120  10:17  Marauder x2  
  124  10:24  SCV  
  124  10:25  Terran Vehicle Weapons Level 1  
  124  10:27  Marine x3  
  124  10:28  SCV x2, Siege Tank  
  133  10:31  Supply Depot  
  133  10:32  Supply Depot  
  133  10:33  Supply Depot, Marine, Missile Turret  
  133  10:34  Marauder  
  133  10:39  Marine  
  133  10:40  Marauder  
  128  10:45  Marine x3  
  128  10:51  Marine  
  128  10:55  Marauder  
  128  10:57  Supply Depot  
  125  10:58  Marauder  
  125  11:00  Siege Tank  
  125  11:02  Marauder  
  125  11:03  Marine x3  
  131  11:10  Marine  
  128  11:12  Barracks Tech Lab  
  128  11:17  Marauder  
  128  11:18  Marine  
  128  11:21  Marine x2  
  128  11:22  Marine x2  
  133  11:25  Barracks Reactor  
  133  11:28  Marine  
  134  11:36  Marine  
  134  11:38  Marauder  
  134  11:39  Marine x3  
  139  11:40  Marine  
  139  11:41  Marauder  
  139  11:46  Marine  
  144  11:55  Marauder, Command Center  
  144  11:56  Marine x2  
  144  11:57  Marine  
  144  11:59  Marauder  
  151  12:02  Marauder  
  151  12:06  Command Center  
  153  12:09  SCV, Terran Infantry Weapons Level 3  
  153  12:12  Command Center  
  153  12:14  Marine  
  153  12:15  Marine x5  
  159  12:16  Marauder x2  
  164  12:32  Marine  
  165  12:37  Marine  
  165  12:38  Marine  
  165  12:39  Marauder  
  165  12:40  Marauder  
  165  12:41  Marauder  
  165  12:42  Marauder, Medivac  
  165  12:44  Medivac  
  165  12:57  Marine x3  
  165  12:58  Siege Tank  
  171  13:00  Marauder  
  171  13:01  Supply Depot  
  171  13:02  Supply Depot  
  173  13:07  Marauder x3  
  173  13:12  Medivac  
  181  13:14  Medivac  
  181  13:27  Supply Depot  
  181  13:28  Marauder  
  181  13:29  Supply Depot  
  181  13:30  Siege Tank  
  181  13:31  Marine  
  181  13:32  Marine x5  
  181  13:33  Marauder x3  
  198  13:42  Medivac  
  200  14:00  Orbital Command  
  200  14:01  Planetary Fortress  
  200  14:13  Refinery  
  130  15:43  SCV x5  
  130  15:45  Marine x4  
  130  15:46  Marauder x4  
  130  15:47  Siege Tank  
  150  15:55  SCV  
Tags
 
League
GoldGold
Matchup
PvT
Replay Pack
December
Spawn Locations
Cross Positions
Add a new tag
Caveats
  • Supply blocks, unpowered buildings, or Contaminate may cause inaccurate times.
  • Supply counts are checked every 10 seconds.